 Dungeon Crawl Stone Soup version 0.32-a0-699-g1ee5eff69a (webtiles) character file.

Game seed: 17798079026916657403

122 arcshroob the Ducker (level 4, -2/38 HPs)
             Began as a Draconian Shapeshifter on Mar 13, 2024.
             Slain by a ribbon worm (6 damage)
             ... on level 2 of the Dungeon.
             The game lasted 00:02:09 (1266 turns).

arcshroob the Ducker (Draconian Shapeshifter)       Turns: 1266, Time: 00:02:09

Health: -2/38      AC:  5    Str: 16    XL:     4   Next: 78%
Magic:  4/4        EV: 12    Int: 10    God:
Gold:   108        SH:  0    Dex: 13    Spells: 3/3 levels left

rFire   . .          .
                       - Unarmed
rCold   . . .        (no shield)
rNeg    . . .        (body armour unavailable)
rPois   .            (helmet currently unavailable)
rElec   .            (cloak currently unavailable)
rCorr   .            (gloves currently unavailable)
SInv    .            (boots currently unavailable)
Will    .....        (no amulet)
Stlth   +            (no ring)
HPRegen 0.26/turn    (no ring)
MPRegen 0.09/turn

%: no passive effects
@: beast-form
A: beast (slay +1), AC +5, unfitting armour, cold-blooded
a: Begin Untransformation


You were on level 2 of the Dungeon.
You were a hulking beast.
You visited 1 branch of the dungeon, and saw 2 of its levels.

You collected 108 gold pieces.

Inventory:

Missiles
 f - a throwing net (quivered)
Jewellery
 g - a ring of ice
Talismans
 b - a beast talisman (active)
 c - a flux talisman
Scrolls
 d - a scroll of amnesia {unknown}
 e - 2 scrolls of teleportation {unknown}
Potions
 a - a potion of lignification
 h - a potion of cancellation {unknown}


   Skills:
 - Level 3.3 Fighting
 + Level 3.7 Dodging
 - Level 3.0 Unarmed Combat
 - Level 3.0 Shapeshifting


You had 3 spell levels left.
You didn't know any spells.
Your spell library contained the following spells:

 Spells                   Type           Power      Damage    Failure   Level
 Sandblast                Erth           0%         2d4       36%         1
 Stone Arrow              Conj/Erth      0%         3d7       75%         3
 Brom's Barrelling Bould  Conj/Erth      0%         2d3       98%         4


Dungeon Overview and Level Annotations

Branches:
Dungeon (2/15)

Altars:

Shops:
D:1 *


Innate Abilities, Weirdness & Mutations

You are a hulking beast.
Your limbs bulge with bestial killing power. (Slay +1)
Your plain brown scales are hard. (AC +5)
You cannot fit into any form of body armour.
You are cold-blooded and may be slowed by cold attacks.


Message History

The gnoll hits you with a +0 spear.
You hit the gnoll. You tail-slap the gnoll.
You kill the gnoll!
The gnoll barely misses you. The gnoll misses you.
Things that are here:
a +0 spear; a gnoll corpse You completely miss the gnoll.
You tail-slap the gnoll.
The gnoll is moderately wounded.
The gnoll closely misses you.
You hit the gnoll. You tail-slap the gnoll.
The gnoll is almost dead.
The gnoll misses you.
You hit the gnoll.
You kill the gnoll!
The ribbon worm expels a string of sticky webbing.
The stream of webbing hits you but does no damage.
You are caught in a web!
There is a web here.
Things that are here:
a +0 halberd; a gnoll corpse The web tears apart.
The ribbon worm bites you.
* * * LOW HITPOINT WARNING * * *
You hit the ribbon worm.
The ribbon worm is lightly wounded.
The ribbon worm barely misses you.
You hit the ribbon worm but do no damage.
The ribbon worm is lightly wounded.
The ribbon worm bites you.
* * * LOW HITPOINT WARNING * * *
You hit the ribbon worm. You tail-slap the ribbon worm.
The ribbon worm is severely wounded.
You hit the ribbon worm.
The ribbon worm is severely wounded.
The ribbon worm bites you.
* * * LOW HITPOINT WARNING * * *
You barely miss the ribbon worm.
The ribbon worm is severely wounded.
The ribbon worm bites you.
You die...

#. #.# ####..##...##. #
#.# #. #..####..). ..# .
#..# ####. .####. #..# #.
#.#.... ###..## ##. #...#
##.....# ##.. #####...#
#..##..# #..#
........#####.###..####.##
........wh))..# #...##..##
........####### #.#..#.#..
####...## #####.##.#...#
.....# ...........###
#.....## ####..<..## # .
#....... ##.##.##### ...
## ..... .)# #.........#
..##.. .....
#.########.....รท...#
..#.. ##..
#..##.........>....#


You could see a ribbon worm.

Vanquished Creatures
  8 gnolls (D:2)
  An adder (D:2)
  A ribbon worm (D:2)
  2 dart slugs (D:1)
  3 endoplasms
  2 giant cockroaches (D:1)
  A goblin (D:1)
  5 hobgoblins
  3 quokkas
  A ball python (D:2)
  2 kobolds
  2 rats
31 creatures vanquished.

Notes
Turn   | Place    | Note
-------+----------+-------------------------------------------
     0 | D:1      | arcshroob the Draconian Shapeshifter began the quest for
                  | the Orb.
     0 | D:1      | Reached XP level 1. HP: 16/16 MP: 1/1
   283 | D:1      | Reached XP level 2. HP: 18/24 MP: 2/2
   351 | D:1      | Found Ameev's General Store.
   833 | D:2      | Reached XP level 3. HP: 31/31 MP: 3/3
   983 | D:2      | HP: 1/31 [gnoll/+0 club (3)]
   996 | D:2      | Reached XP level 4. HP: 18/38 MP: 4/4
  1266 | D:2      | Slain by a ribbon worm

Illustrated notes

Levels and vault maps discovered:
D:1:      mrwooster_arrival_arrow, layout_basic, serial_shops,
          nicolae_shop_tiny_waterfront
D:2:      layout_rooms, hellmonk_ecumenical_altar_crossroads

Skill      XL: |  1  2  3  4 |
---------------+-------------+-----
Fighting       | 2 3 |  3.3
Dodging        | 2 3 |  3.7
Unarmed Combat | |  3.0
Shapeshifting  | |  3.0

Action                     |  1- 3 |  4- 6 || total
---------------------------+-------+-------++-------
  Melee: Unarmed           |    70 |    35 ||   105
         Punch             |     6 |     1 ||     7
         Tailslap          |     6 |     8 ||    14
    Use: Potion            |     2 |       ||     2
 Armour: Skin              |    39 |    21 ||    60
  Dodge: Dodged            |    45 |    28 ||    73

Table legend: (Time is in decaauts)
 A = Elapsed time spent in this place.
 B = Non-inter-level travel time spent in this place.
 C = Inter-level travel time spent in this place.
 D = Time resting spent in this place.
 E = Time spent auto-exploring this place.
 F = Levels seen in this place.
 G = Mean time per level.
                   A        B        C        D        E       F      G
               +--------+--------+--------+--------+--------+-----+--------+
         Total |   1263 |   1252 |     11 |      0 |    980 |   2 |  631.5 |
       Dungeon |   1263 |   1252 |     11 |      0 |    980 |   2 |  631.5 |
               +--------+--------+--------+--------+--------+-----+--------+

Top non-repeatable levels by time:
     D:1: 774 daAuts
     D:2: 488 daAuts
